 Dungeon Crawl Stone Soup version 0.29.1-1-gd02db6906a (webtiles) character file.

Game seed: 18049935721138239896

5581 RascalDebosk the Thaumaturge (level 11, -3/81 HPs)
             Began as a Djinni Conjurer on Oct 17, 2022.
             Was an Initiate of Ashenzari.
             Slain by a shadow (23 damage)
             ... on level 11 of the Dungeon.
             The game lasted 01:02:19 (11064 turns).

RascalDebosk the Thaumaturge (Djinni Conjurer)     Turns: 11064, Time: 01:02:19

Health: -3/81      AC:  4    Str: 10    XL:     11   Next: 2%
Gold:   194        EV: 12    Int: 29    God:    Ashenzari [......] SH:  0 Dex: 19

rFire   + + +      SeeInvis .   g - +2 dagger (venom)
rCold   x . .      Faith    .   (no shield)
rNeg    . . .      Spirit   .   r - +0 robe of Dodeimohas {rF+ Will+ Str+4 Slay-6}
rPois   ∞          Reflect  .   (no helmet)
rElec   .          Harm     .   (no cloak)
rCorr   .          Rampage  .   n - +1 pair of gloves
Will    ++...                   (boots unavailable)
Stlth   ++........              (no amulet)
HPRegen 0.23/turn               v - +6 ring of dexterity
MPRegen 0.00/turn               u - +6 ring of intelligence

@: flying
A: sickness immunity, fire resistance 2, cold vulnerability 1, float, innate
caster, HP casting, extra vitality 1
a: Renounce Religion, Curse Item


You were on level 11 of the Dungeon.
You worshipped Ashenzari.
Ashenzari was noncommittal.
You visited 2 branches of the dungeon, and saw 10 of its levels.

You collected 498 gold pieces.
You spent 304 gold pieces at shops.

Inventory:

Hand Weapons
 g - a +2 dagger of venom (weapon)
 s - a +1 dagger of venom
Armour
 a - a +0 robe
 n - a +1 pair of gloves (worn)
 r - the +0 robe of Dodeimohas (worn) {rF+ Will+ Str+4 Slay-6}
   (You found it on level 3 of the Dungeon)

   Str:       It affects your strength (+4).
   Slay:      It affects your accuracy & damage with ranged weapons and melee
   (-6).
   rF:        It protects you from fire.
   Will:      It increases your willpower.
Jewellery
 e - a ring of protection from fire
 u - a +6 ring of intelligence (right hand)
 v - a +6 ring of dexterity (left hand)
Wands
 j - a wand of digging (5)
 q - a wand of flame (14)
 z - a wand of paralysis (6)
 A - a wand of light (9)
 B - a wand of roots (22)
Scrolls
 h - a scroll of fear
 i - a scroll of identify
 k - a scroll of butterflies
 t - 3 scrolls of teleportation
 y - a scroll of magic mapping {unknown}
Potions
 b - 4 potions of attraction
 c - 6 potions of might
 d - a potion of mutation
 f - 6 potions of lignification
 l - a potion of berserk rage
 m - a potion of heal wounds
 o - 3 potions of brilliance
 p - 2 potions of ambrosia
 w - 9 potions of curing
 x - a potion of invisibility


   Skills:
 + Level 8.0 Fighting
 + Level 6.4 Short Blades
 - Level 2.1 Dodging
 - Level 1.5 Stealth
 * Level 9.5 Spellcasting


You had one spell level left.
You knew the following spells:

 Your Spells              Type           Power      Damage    Failure   Level
a - Magic Dart            Conj           100%       1d8       1%          1
b - Searing Ray           Conj           100%       2d8       1%          2
c - Dazzling Flash        Conj/Hex       100%       N/A       1%          3
d - Fulminant Prism       Conj/Hex       31%        3d16      1%          4
e - Iskenderun's Mystic   Conj/Tloc      62%        2d13      1%          4
f - Shock                 Conj/Air       100%       1d9       1%          1
g - Poisonous Vapours     Pois/Air       100%       N/A       1%          2
h - Swiftness             Air            62%        N/A       1%          3
i - Flame Wave            Conj/Fire      62%        2d14      1%          4
j - Anguish               Hex/Necr       31%        N/A       1%          4
Your spell library was empty.

Dungeon Overview and Level Annotations

Branches:
Dungeon (8/15)             Temple (1/1) D:6            Lair (0/5) D:8

Altars:
Ashenzari
Cheibriados
Dithmenos
Elyvilon
Fedhas
Gozag
Hepliaklqana
Makhleb
Nemelex Xobeh
Okawaru
Qazlal
Trog
Uskayaw
Wu Jian
Xom
Yredelemnul
Zin
The Shining One
Lugonu

Shops:
D:7 !

Annotations:
D:2 1 runed translucent door, Crazy Yiuf


Innate Abilities, Weirdness & Mutations

You are immune to sickness and miasma.
You are immune to poison.
Your flesh is very heat resistant. (rF++)
You are vulnerable to cold. (rC-)
You float through the air rather than walking.
You learn spells naturally, not from books.
Your magical power is your life essence.
You have superior vitality. (+4 MHP)


Message History

i - a scroll of identify;
B - a wand of roots (22)
You now have 194 gold pieces (gained 19).
Found an escape hatch in the floor.
You see here a potion of degeneration.
Found a stone staircase leading down.
There is a stone staircase leading down here.
Found 5 stones.
f - 6 potions of lignification (gained 2)
You see here 5 stones.
Found 2 stones.
There is a stone staircase leading down here.
A gnoll comes into view. It is wielding a +0 whip.
A sourceless malevolence fills the Dungeon...
You are sucked into a shaft and drop 3 floors!
The shaft crumbles and collapses.
Ashenzari invites you to partake of a vision and a curse of cunning and melee combat.
Casting: Flame Wave (dangerous; 1% risk of failure)
Confirm with . or Enter, or press ? or * to list all spells.
You can't see any susceptible monsters within range! (Use Z to cast anyway.)
Something hits you!
Deactivating autopickup; reactivate with Ctrl-A.
Casting: Flame Wave (dangerous; 1% risk of failure)
Confirm with . or Enter, or press ? or * to list all spells.
You can't see any susceptible monsters within range! (Use Z to cast anyway.)
Casting: Flame Wave (dangerous; 1% risk of failure)
Confirm with . or Enter, or press ? or * to list all spells.
You erupt in a blast of force!
The mystic blast hits something.
You hear a bellow!
Casting: Iskenderun's Mystic Blast (dangerous; 1% risk of failure)
Confirm with . or Enter, or press ? or * to list all spells.
You miscast Iskenderun's Mystic Blast.
You are very lightly contaminated with residual magic.
Nothing appears to happen.
Something hits you.
Casting: Iskenderun's Mystic Blast (dangerous; 1% risk of failure)
Confirm with . or Enter, or press ? or * to list all spells.
You erupt in a blast of force!
The mystic blast hits something!
Casting: Iskenderun's Mystic Blast (dangerous; 1% risk of failure)
Confirm with . or Enter, or press ? or * to list all spells.
Okay, then.
Casting: Iskenderun's Mystic Blast (dangerous; 1% risk of failure)
Confirm with . or Enter, or press ? or * to list all spells.
You don't know that spell.
Casting: Iskenderun's Mystic Blast (dangerous; 1% risk of failure)
Confirm with . or Enter, or press ? or * to list all spells.
You erupt in a blast of force!
The mystic blast hits something.
Casting: Iskenderun's Mystic Blast (dangerous; 1% risk of failure)
Confirm with . or Enter, or press ? or * to list all spells.
You erupt in a blast of force!
The mystic blast hits something!
You hear an angry buzzing noise.
You hear a bellow!
Casting: Iskenderun's Mystic Blast (dangerous; 1% risk of failure)
Confirm with . or Enter, or press ? or * to list all spells.
You erupt in a blast of force!
The mystic blast hits something!
You hear a bellow!
Casting: Iskenderun's Mystic Blast (dangerous; 1% risk of failure)
Confirm with . or Enter, or press ? or * to list all spells.
You erupt in a blast of force!
The mystic blast hits something!
Reactivating autopickup.
You feel a bit more experienced.
* * * LOW HITPOINT WARNING * * *
You hear a bellow!
Your Fighting skill increases to level 8!
You have reached level 11!
The power to cast Anguish wells up from within.
Spell assigned to 'j'.
You start resting.
A shadow comes into view.
Your magical contamination has completely faded away.
The shadow slips into darkness.
The shadow flickers and vanishes!
Deactivating autopickup; reactivate with Ctrl-A.
The shadow strikes at you from the darkness!
* * * LOW HITPOINT WARNING * * *
Reactivating autopickup.
Casting: Iskenderun's Mystic Blast (mildly dangerous; 1% risk of failure)
Confirm with . or Enter, or press ? or * to list all spells.
You erupt in a blast of force!
The mystic blast hits the shadow!
The shadow is moderately damaged.
The shadow is knocked back by the mystic blast.
* * * LOW HITPOINT WARNING * * *
Casting: Iskenderun's Mystic Blast (mildly dangerous; 1% risk of failure)
Confirm with . or Enter, or press ? or * to list all spells.
Aiming: Searing Ray (safe; 1% risk of failure)
Press: ? - help, Shift-Dir - straight line, f - shadow
Aim: a shadow (moderately damaged, 83% to hit)
The searing ray misses the shadow. (Press . to maintain the ray.)
* * * LOW HITPOINT WARNING * * *
The searing ray hits the shadow!
The shadow is severely damaged.
* * * LOW HITPOINT WARNING * * *
The shadow slips into darkness.
The shadow flickers and vanishes!
Deactivating autopickup; reactivate with Ctrl-A.
The searing ray hits something.
* * * LOW HITPOINT WARNING * * *
* * * LOW HITPOINT WARNING * * *
You finish channelling your searing ray.
The shadow strikes at you from the darkness!
You die...

###########
#.......@.#
#.#######.#
#.# #.# #.#
#.# #.# #.#
#.# #.# #.#
#.# #.# #+#
#.#


There were no monsters in sight!

Vanquished Creatures
  An unseen horror (D:11)
  Maggie (D:7)
  A hornet (D:8)
  Grinder (D:3)
  2 shadows
  5 wyverns
  A wraith (D:8)
  Eustachio (D:6)
  5 yaks (D:8)
  Edmund (D:6)
  A water moccasin (D:8)
  An orc warrior (D:6)
  An ice beast (D:7)
  4 black bears
  2 ogres
  A sky beast (D:6)
  A centaur (D:5)
  3 bullfrogs
  5 scorpions
  3 necrophages (D:6)
  A jelly (D:6)
  3 hounds
  A gnoll bouda (D:5)
  An orc priest (D:5)
  Terence (D:3)
  5 iguanas
  8 orc wizards
  11 gnolls
  8 adders
  2 white imps
  2 worms
  2 dart slugs
  23 orcs
  8 bats
  7 endoplasms
  4 giant cockroaches (D:1)
  5 goblins
  7 hobgoblins
  14 jackals
  11 kobolds
  3 quokkas
  12 ball pythons
  A frilled lizard (D:1)
  3 rats
  A spectral orc (D:6)
185 creatures vanquished.

Vanquished Creatures (others)
  2 bushes (D:8)
  21 fulminant prisms
  7 fungi (D:8)
  14 plants (D:8)
44 creatures vanquished.

Grand Total: 229 creatures vanquished

Notes
Turn   | Place    | Note
-------+----------+-------------------------------------------
     0 | D:1      | RascalDebosk the Djinni Conjurer began the quest for the
                  | Orb.
     0 | D:1      | RascalDebosk set off with the following spells memorised:
                  | Magic Dart, Searing Ray, Dazzling Flash, Fulminant Prism,
                  | Iskenderun's Mystic Blast.
     0 | D:1      | Reached XP level 1. HP: 15/15 MP: 0/0
   233 | D:1      | Reached XP level 2. HP: 20/22 MP: 0/0
   352 | D:1      | Found a faded altar of an unknown god.
   472 | D:1      | Reached skill level 1 in Fighting
   742 | D:1      | Reached XP level 3. HP: 21/27 MP: 0/0
   742 | D:1      | Learned a level 1 spell: Shock
  1212 | D:2      | Reached skill level 4 in Spellcasting
  1212 | D:2      | Reached XP level 4. HP: 5/33 MP: 0/0
  1976 | D:2      | Found a runed translucent door.
  1977 | D:2      | Noticed Crazy Yiuf
  2084 | D:2      | Reached XP level 5. HP: 33/38 MP: 0/0
  2084 | D:2      | Learned a level 2 spell: Poisonous Vapours
  2961 | D:3      | Noticed Terence
  3338 | D:3      | Identified the +0 robe of Dodeimohas {rF+ Will+ Str+4
                  | Slay-6}
  3388 | D:3      | Killed Terence
  3555 | D:3      | Noticed Grinder
  3574 | D:3      | Killed Grinder
  3575 | D:3      | Reached skill level 5 in Spellcasting
  3575 | D:3      | Reached XP level 6. HP: 15/46 MP: 0/0
  4081 | D:4      | Noticed a black bear
  4088 | D:4      | Killed a black bear
  4089 | D:4      | Reached XP level 7. HP: 39/51 MP: 0/0
  4089 | D:4      | Learned a level 3 spell: Swiftness
  4231 | D:4      | Reached skill level 1 in Short Blades
  4615 | D:4      | Found a hide-covered altar of Uskayaw.
  4641 | D:4      | Reached XP level 8. HP: 15/58 MP: 0/0
  5128 | D:4      | Found a sacrificial altar of Ru.
  5131 | D:4      | Found a glowing silver altar of Zin.
  5131 | D:4      | Found a sparkling altar of Nemelex Xobeh.
  5138 | D:4      | Reached skill level 6 in Spellcasting
  5156 | D:4      | Found a shimmering altar of Xom.
  5156 | D:4      | Found a basalt altar of Yredelemnul.
  5156 | D:4      | Found a basalt altar of Yredelemnul.
  5371 | D:5      | Entered Level 5 of the Dungeon
  5371 | D:5      | Found a snail-covered altar of Cheibriados.
  5646 | D:5      | Found an ornate altar of the Wu Jian Council.
  5699 | D:5      | Found a bloodstained altar of Trog.
  5741 | D:5      | Found a blossoming altar of Fedhas.
  5759 | D:5      | Reached skill level 5 in Fighting
  6177 | D:5      | Found a glowing golden altar of the Shining One.
  6211 | D:5      | Found a glowing silver altar of Zin.
  6212 | D:5      | Found a white marble altar of Elyvilon.
  6737 | D:6      | Reached XP level 9. HP: 52/65 MP: 0/0
  6737 | D:6      | Learned a level 4 spell: Flame Wave
  6738 | D:6      | Reached skill level 7 in Spellcasting
  7416 | D:6      | Noticed Eustachio
  7446 | D:6      | Killed Eustachio
  7571 | D:6      | Found a hazy altar of Hepliaklqana.
  8101 | D:6      | Found a staircase to the Ecumenical Temple.
  8101 | D:6      | Noticed Edmund
  8109 | D:6      | Killed Edmund
  8119 | Temple   | Entered the Ecumenical Temple
  8158 | Temple   | Became a worshipper of Ashenzari the Shackled
  8349 | D:7      | Reached skill level 8 in Spellcasting
  8560 | D:7      | Reached XP level 10. HP: 25/73 MP: 0/0
  8744 | D:7      | Reached skill level 5 in Short Blades
  8854 | D:7      | Found Lenyegro's Distillery.
  8857 | D:7      | Bought a potion of invisibility for 128 gold pieces
  8857 | D:7      | Bought a potion of curing for 48 gold pieces
  8857 | D:7      | Bought a potion of curing for 48 gold pieces
  8857 | D:7      | Bought a potion of heal wounds for 80 gold pieces
  9047 | D:7      | Found a sparkling altar of Nemelex Xobeh.
  9101 | D:7      | Noticed Maggie
  9111 | D:7      | Killed Maggie
 10507 | D:8      | Reached skill level 9 in Spellcasting
 10519 | D:8      | HP: 1/76 [yak (13)]
 10758 | D:8      | Found a staircase to the Lair.
 10771 | D:8      | Found an iron altar of Okawaru.
 10997 | D:8      | You are sucked into a shaft and drop 3 floors!
 11032 | D:11     | Killed an unseen horror
 11033 | D:11     | Reached XP level 11. HP: 40/81 MP: 0/0
 11033 | D:11     | Learned a level 4 spell: Anguish
 11064 | D:11     | Slain by a shadow

Illustrated notes

Levels and vault maps discovered:
D:1:      nzn_arrival_water_spiral, layout_loops_ring,
          chequers_ecumenical_altar_simple, ebering_dispersal_statue_hall
D:2:      layout_basic, minmay_misc_feat_diagonals, minivault_24, minivault_25,
          grunt_ministairs_11, uniq_crazy_yiuf_cottage
D:3:      layout_basic, lemuel_doored_altar,
          mainiacjoe_overflow_concentric_impassable, kennysheep_generic_room_10,
          uniq_grinder, uniq_terence
D:4:      layout_loops_ring, kennysheep_mini, doesnt_xom_only_xom
D:5:      layout_loops_corners, mainiacjoe_overflow_alcove_2,
          mainiacjoe_overflow_alcove_1, mainiacjoe_overflow_boulevard,
          old_standard_altar, old_standard_altar, nicolae_overflow_two_pavilions
D:6:      layout_cave_pods, nicolae_hepliaklqana_monster_ancestors,
          minmay_temple_entry_fiery, chequers_garden, uniq_edmund,
          uniq_eustachio
D:7:      layout_basic, mainiacjoe_overflow_tiny_flanked, serial_shops,
          nicolae_shop_window_shopping, uniq_maggie
D:8:      layout_rooms, amcnicky_altar_gilded, minmay_lair_entry_grove
D:11:     layout_basic, uniq_harold, uniq_snorg
Temple:   corrupted_temple

Skill      XL: |  1  2  3  4  5  6  7  8  9 10 |
---------------+-------------------------------+-----
Fighting       | 1 2 3 4 5 6 8 |  8.0
Spellcasting   | 4 5 6 8 9 |  9.5
Short Blades   | 1 3 4 6 |  6.4
Dodging        | |  2.1
Stealth        | |  1.5

Action                   |  1- 3 |  4- 6 |  7- 9 | 10-12 || total
-------------------------+-------+-------+-------+-------++-------
 Cast: Magic Dart        |    47 |    97 |       |       ||   144
       Searing Ray       |     2 |     3 |     3 |     3 ||    11
       Iskenderun's Myst |       |     7 |    16 |    33 ||    56
       Fulminant Prism   |       |     6 |    12 |     3 ||    21
       Shock             |       |       |   212 |    61 ||   273
       Swiftness         |       |       |     1 |       ||     1
       Flame Wave        |       |       |     1 |     3 ||     4
  Use: Scroll            |       |       |    19 |     2 ||    21
       Potion            |       |       |       |     3 ||     3
Armor: Robe              |     1 |       |     7 |     5 ||    13
Dodge: Dodged            |     9 |     8 |    42 |    19 ||    78
